 Dungeon Crawl Stone Soup version 0.27-a0-965-gbf8bb431c4 (webtiles) character file.

Game seed: 16775746322398945945

912 leviel the Skirmisher (level 7, 0/64 HPs)
             Began as a Minotaur Fighter on Apr 12, 2021.
             Slain by a gnoll sergeant
             ... wielding a +0 trident
              (9 damage)
             ... on level 5 of the Dungeon.
             The game lasted 00:07:41 (5349 turns).

leviel the Skirmisher (Minotaur Fighter)            Turns: 5349, Time: 00:07:42

Health: 0/64       AC:  7    Str: 28    XL:     7   Next: 82%
Magic:  6/6        EV:  8    Int:  6    God:
Gold:   222        SH: 12    Dex:  9    Spells: 6/6 levels left

rFire    + . .     SeeInvis .   a - +0 war axe
rCold    . . .     Faith    .   c - +1 kite shield
rNeg     . . .     Spirit   .   b - +0 scale mail
rPois    .         Reflect  .   (helmet restricted)
rElec    .         Harm     .   (no cloak)
rCorr    .         Rampage  .   (no gloves)
Will     .....                  (no boots)
Stlth    ..........             (no amulet)
HPRegen  0.20/turn              l - +6 ring of strength
MPRegen  0.10/turn              p - ring of protection from fire

@: mighty
A: horns 2, retaliatory headbutt
a: no special abilities


You were on level 5 of the Dungeon.
You visited 1 branch of the dungeon, and saw 5 of its levels.
You also visited: Sewer.

You collected 222 gold pieces.

Inventory:

Hand Weapons
 a - a +0 war axe (weapon)
Armour
 b - a +0 scale mail (worn)
 c - a +1 kite shield (worn)
Jewellery
 l - a +6 ring of strength (left hand)
 p - a ring of protection from fire (right hand)
Scrolls
 i - 2 scrolls of teleportation
Potions
 d - a potion of might
 k - a potion of ambrosia
 n - a potion of magic
 o - a potion of cancellation {unknown}
 q - 2 potions of resistance {unknown}
 s - a potion of haste {unknown}


   Skills:
 + Level 6.5 Fighting
 + Level 5.7 Axes
 + Level 6.4 Armour
 - Level 0.1 Dodging
 + Level 6.4 Shields


You had 6 spell levels left.
You didn't know any spells.
Your spell library was empty.

Dungeon Overview and Level Annotations

Branches:
Dungeon (5/15)              Sewer (visited)
 Temple: D:4-7

Altars:

Shops:
D:1 [


Innate Abilities, Weirdness & Mutations

You have a pair of horns on your head.
You reflexively headbutt those who attack you in melee.


Message History

You block the gnoll sergeant's attack.
You feel very mighty all of a sudden. Blork the orc closely misses you.
You block Blork the orc's attack. You block the gnoll sergeant's attack.
Your shield and scale mail prevent you from hitting Blork the orc.
Blork the orc is moderately wounded.
You barely miss the gnoll sergeant. Blork the orc closely misses you.
You block the gnoll sergeant's attack.
Blork the orc points at you and mumbles some strange words.
The puff of flame hits you. You resist.
You hit Blork the orc.
Blork the orc is heavily wounded.
The gnoll sergeant blocks your attack.
Blork the orc gestures at you while chanting.
You block the puff of flame.
The gnoll sergeant hits you but does no damage.
Blork the orc hits you with a +0 battleaxe!
The gnoll sergeant hits you with a +0 trident!
* * * LOW HITPOINT WARNING * * *
You slash Blork the orc!
You kill Blork the orc!
You hit the gnoll sergeant. You block the gnoll sergeant's attack.
The gnoll sergeant blocks your attack.
The gnoll sergeant is heavily wounded.
You block the gnoll sergeant's attack.
Unknown command.
You hit the gnoll sergeant.
The gnoll sergeant is severely wounded.
The gnoll sergeant hits you with a +0 trident.
* * * LOW HITPOINT WARNING * * *
You block the gnoll sergeant's attack.
You feel better.
The gnoll sergeant hits you but does no damage.
You completely miss the gnoll sergeant. The gnoll sergeant blocks your attack.
The gnoll sergeant is severely wounded.
You block the gnoll sergeant's attack. The gnoll sergeant blocks your attack.
The gnoll sergeant is severely wounded.
The gnoll sergeant hits you with a +0 trident!
You die...

...... # ..###
. ##! ..#) .!
####.. ..###..
#.....##.$.....
...............
#......g)...#
#@....# ##...##
..## ###


You could see a gnoll sergeant.

Vanquished Creatures
  Sigmund (D:4)
  A water moccasin (Sewer)
  An orc warrior (D:4)
  Blork the orc (D:5)
  A water moccasin zombie (D:3)
  The ghost of spiderkeys the Skirmisher, a weakling DsAK of Lugonu (D:3)
  A wight (D:4)
  A bullfrog zombie (D:5)
  An orc wizard (D:3)
  Terence (D:2)
  7 gnolls
  3 adders
  A river rat (D:4)
  An adder skeleton (D:4)
  3 worms
  3 dart slugs
  8 orcs
  17 bats
  8 endoplasms
  7 giant cockroaches
  3 goblins
  6 hobgoblins
  9 jackals
  9 quokkas
  5 ball pythons
  3 frilled lizards (D:1)
  A jackal skeleton (D:4)
  7 kobolds
  13 rats
124 creatures vanquished.

Vanquished Creatures (others)
  An orc wizard (D:3)
1 creature vanquished.

Grand Total: 125 creatures vanquished

Notes
Turn   | Place    | Note
-------+----------+-------------------------------------------
     0 | D:1      | leviel the Minotaur Fighter began the quest for the Orb.
     0 | D:1      | Reached XP level 1. HP: 19/19 MP: 0/0
   227 | D:1      | Reached XP level 2. HP: 27/27 MP: 1/1
   291 | D:1      | Found a faded altar of an unknown god.
   596 | D:1      | Found Bucuis's Antique Armour Shoppe.
   878 | D:1      | Reached XP level 3. HP: 33/33 MP: 2/2
  1610 | D:2      | Noticed Terence
  1617 | D:2      | Killed Terence
  1618 | D:2      | Reached XP level 4. HP: 17/41 MP: 3/3
  2679 | D:3      | Reached XP level 5. HP: 32/47 MP: 4/4
  3394 | D:3      | Found a runed translucent gate.
  3394 | D:3      | Found a runed translucent gate.
  3394 | D:3      | Found a runed translucent gate.
  3395 | D:3      | Noticed spiderkeys's ghost (weakling DsAK)
  3422 | D:3      | Reached skill level 5 in Fighting
  3670 | D:3      | Killed spiderkeys's ghost
  3671 | D:3      | Reached skill level 5 in Armour
  3671 | D:3      | Reached skill level 5 in Shields
  3768 | D:3      | Reached XP level 6. HP: 31/56 MP: 5/5
  4286 | D:4      | Noticed Sigmund
  4300 | D:4      | Killed Sigmund
  4301 | D:4      | Reached skill level 5 in Axes
  4301 | D:4      | Reached XP level 7. HP: 29/62 MP: 6/6
  4605 | D:4      | Found a glowing drain.
  4614 | Sewer    | Entered a sewer
  4932 | D:5      | Entered Level 5 of the Dungeon
  4932 | D:5      | Noticed Blork the orc
  5344 | D:5      | Killed Blork the orc
  5346 | D:5      | HP: 3/64 [gnoll sergeant/+0 trident (6)]
  5349 | D:5      | Slain by a gnoll sergeant

Illustrated notes

Levels and vault maps discovered:
D:1:      psy_arrival_dodecagon, layout_loops_corners,
          hellmonk_ecumenical_altar_run_dry, serial_shops, shop, st_stairs_1
D:2:      layout_basic, uniq_terence
D:3:      layout_basic, ebering_ghost_rock_garden, minmay_pentomino_pile
D:4:      layout_cave_pools, portal_sewer_entry_e, uniq_sigmund
D:5:      layout_cave_pools, minmay_temple_entry_grid, sword_in_stone

Skill      XL: |  1  2  3  4  5  6  7 |
---------------+----------------------+-----
Fighting       | 4 5 6 |  6.5
Armour         | 4 5 6 |  6.4
Axes           | 3 4 5 |  5.7
Shields        | 4 5 6 |  6.4
Dodging        | |  0.1

Action                   |  1- 3 |  4- 6 |  7- 9 || total
-------------------------+-------+-------+-------++-------
Melee: War axe           |   105 |   139 |    49 ||   293
       Headbutt          |    12 |    24 |     6 ||    42
  Use: Potion            |       |     1 |     2 ||     3
       Scroll            |       |       |     9 ||     9
Armor: Scale mail        |    74 |    51 |    19 ||   144
Dodge: Dodged            |    41 |    52 |    18 ||   111
Block: Kite shield       |    62 |    85 |    49 ||   196

Table legend: (Time is in decaauts)
 A = Elapsed time spent in this place.
 B = Non-inter-level travel time spent in this place.
 C = Inter-level travel time spent in this place.
 D = Time resting spent in this place.
 E = Time spent auto-exploring this place.
 F = Levels seen in this place.
 G = Mean time per level.
                   A        B        C        D        E       F      G
               +--------+--------+--------+--------+--------+-----+--------+
         Total |   5507 |   5345 |    162 |   1240 |   3205 |   6 |  917.8 |
       Dungeon |   5367 |   5205 |    162 |   1240 |   3122 |   5 | 1073.4 |
         Sewer |    139 |    139 |      0 |      0 |     83 |   1 |  139.0 |
               +--------+--------+--------+--------+--------+-----+--------+

Top non-repeatable levels by time:
     D:3: 1643 daAuts
     D:2: 1529 daAuts
     D:4: 1114 daAuts
     D:1: 1053 daAuts
   Sewer: 139 daAuts
     D:5: 26 daAuts
